cohdb
Replays
Latest Replays
All Replays
Popular Replays
Top Player Replays
Match Explorer
How It Works
Community
CoH3 Stats
Reddit
Sign in to upload your games and track your stats! →
Sign in with Steam
Match 39703800
Unlisted
Match 39703800
Overview
Messages
Build Orders
End
Royal Engineer Section
Construct Section Command Post
Selects Canadian Shock Battlegroup
Infantry Section
ML 3-inch Mortar Team
Infantry Section
Selects Attacking Spirit
Selects Canadian Shock Section
Canadian Shock Section
ML 3-inch Mortar Team
Construct Platoon Command Post
Selects Incendiary Munitions
Selects Pyrotechnics
Canadian Shock Section
Grenade Package
Unlock M3 Stuart Light Tanks
M3 Stuart Light Tank
Royal Engineer Section
Selects Demolition Engineering
Unlock Bishop Self-propelled Artillery
Bishop Self-propelled Artillery
Bishop Self-propelled Artillery
Bishop Self-propelled Artillery
Selects Smoke Operation
Bishop Self-propelled Artillery
Canadian Shock Section
马枪国
Frosty
Mael Radec
是枝枝吖~
BravoZX
Bravolxh
a
Crotch master
0
0
Comments
sign in to comment!
No comments posted yet!